 Dungeon Crawl Stone Soup version 0.31-a0-844-gdc52ec4e09 (webtiles) character file.

Game seed: 6677332893457481847

101 LeprechaunX the Changeling (level 4, -2/29 HPs)
             Began as an Octopode Shapeshifter on Sept 28, 2023.
             Slain by an elf zombie (6 damage)
             ... in an ossuary.
             The game lasted 00:03:23 (2974 turns).

LeprechaunX the Changeling (Octopode Shapeshifter)  Turns: 2974, Time: 00:03:23

Health: -2/29      AC:  1    Str: 15    XL:     4   Next: 75%
Magic:  0/4        EV: 13    Int: 12    God:
Gold:   102        SH:  0    Dex: 11    Spells: 3/3 levels left

rFire   . .          .
                       - Unarmed
rCold   . . .        (no shield)
rNeg    . . .        (helmet currently unavailable)
rPois   .            d - amulet of guardian spirit
rElec   .            (no ring)
rCorr   .            (no ring)
SInv    .            (no ring)
Will    .....        (no ring)
Stlth   ++           (no ring)
HPRegen 0.24/turn    (no ring)
MPRegen 0.09/turn    (no ring)
                     (no ring)

%: guardian spirit
@: beast-form
A: beast (slay +2), almost no armour, amphibious, 8 rings, camouflage 1,
gelatinous body 1, (nimble swimmer 1), tentacles
a: Begin Untransformation


You were in an ossuary.
You were a hulking beast.
You visited 1 branch of the dungeon, and saw 4 of its levels.
You also visited: Ossuary.

You collected 102 gold pieces.

Inventory:

Hand Weapons
 a - a +0 sling
Jewellery
 d - an amulet of guardian spirit (around mantle)
Talismans
 b - a beast talisman (active)
 c - a flux talisman
 o - a blade talisman
Scrolls
 f - 2 scrolls of fog {unknown}
 g - a scroll of teleportation {unknown}
 i - a scroll of acquirement {unknown}
 j - 2 scrolls of identify {unknown}
 k - a scroll of noise {unknown}
Potions
 e - a potion of brilliance {unknown}
 h - a potion of lignification
 l - a potion of degeneration {unknown}
 m - a potion of ambrosia {unknown}
 n - a potion of curing {unknown}
 p - a potion of attraction {unknown}


   Skills:
 + Level 1.8 Fighting
 + Level 2.7 Dodging
 + Level 3.3 Unarmed Combat
 + Level 1.6 Evocations
 * Level 3.8 Shapeshifting


You had 3 spell levels left.
You didn't know any spells.
Your spell library contained the following spells:

 Spells                   Type           Power      Damage    Failure   Level
 Sublimation of Blood     Necr           0%         N/A       45%         2
 Wereblood                Tmut           0%         N/A       45%         2
 Summon Hydra             Summ           0%         N/A       100%        7


Dungeon Overview and Level Annotations

Branches:
Dungeon (4/15)            Ossuary (1/1)
 Temple: D:4-7

Altars:
Gozag
Kikubaaqudgha
Nemelex Xobeh
Vehumet
The Shining One

Annotations:
D:3 exclusion: statue


Innate Abilities, Weirdness & Mutations

You are a hulking beast.
Your limbs bulge with bestial killing power. (Slay +2)
You cannot wear most types of armour.
You are amphibious.
You can wear up to eight rings at the same time.
Your skin changes colour to match your surroundings (Stealth+).
Your rubbery body absorbs attacks. (AC +1, EV +1)
((You are camouflaged when in or above water. (Stealth+)))
You have tentacles for arms and can constrict up to eight enemies at once.


Message History

The elf zombie is moderately damaged.
You constrict the elf zombie.
A hobgoblin zombie comes into view.
The elf zombie hits you.
You barely miss the orc zombie. Your grab misses the orc zombie.
You squeeze the orc zombie.
The orc zombie is severely damaged.
You constrict the elf zombie. The orc zombie misses you.
The jackal zombie closely misses you.
You barely miss the jackal zombie. You grab the jackal zombie.
You squeeze the jackal zombie.
The jackal zombie is moderately damaged.
You constrict the elf zombie. You constrict the jackal zombie.
The elf zombie hits you! The orc zombie barely misses you.
The jackal zombie bites you.
You tentacle-slap the jackal zombie. You squeeze the jackal zombie.
You destroy the jackal zombie!
You constrict the elf zombie. The elf zombie barely misses you.
The orc zombie barely misses you.
You tentacle-slap the orc zombie. You grab the orc zombie.
You squeeze the orc zombie.
You destroy the orc zombie!
You constrict the elf zombie. The elf zombie hits you!
* * * LOW HITPOINT WARNING * * *
You release your grip on the elf zombie.
You barely miss the elf zombie. Your grab misses the elf zombie.
You squeeze the elf zombie!
The elf zombie is severely damaged.
The elf zombie closely misses you.
You tentacle-slap the elf zombie. You grab the elf zombie.
The elf zombie is severely damaged.
You constrict the elf zombie.
A mummy comes into view.
The elf zombie barely misses you.
You tentacle-slap the elf zombie. x2; You squeeze the elf zombie.
The elf zombie is severely damaged.
You constrict the elf zombie. The hobgoblin zombie hits you.
* * * LOW HITPOINT WARNING * * *
The hobgoblin zombie misses you. The elf zombie hits you.
You die...

#..Z# #.... #...#
#...# #.... #...#
#...# .... #...# #...#
#^.# #...# #...# #.^#
#...# #...# #^.# #...#
#...######..######...#
#...Z..M......Z......#
#........8..8ZhZ.....#
#....................#
#....................#
######################


You could see a mummy, 2 hobgoblin zombies and an elf zombie.

Vanquished Creatures
  3 adders
  A dart slug (D:2)
  2 orcs (D:3)
  7 endoplasms
  A giant cockroach (D:2)
  5 goblins
  4 hobgoblins
  6 ball pythons
  5 bats
  4 frilled lizards
  3 hobgoblin zombies (Ossuary)
  A jackal zombie (Ossuary)
  7 kobolds
  4 kobold zombies (Ossuary)
  14 orc zombies (Ossuary)
  10 rats
77 creatures vanquished.

Notes
Turn   | Place    | Note
-------+----------+-------------------------------------------
     0 | D:1      | LeprechaunX the Octopode Shapeshifter began the quest for
                  | the Orb.
     0 | D:1      | Reached XP level 1. HP: 13/13 MP: 1/1
   211 | D:1      | Reached XP level 2. HP: 14/18 MP: 2/2
   949 | D:2      | Reached skill level 1 in Evocations
   949 | D:2      | Reached XP level 3. HP: 17/23 MP: 3/3
  1822 | D:3      | Found an ancient bone altar of Kikubaaqudgha.
  1829 | D:3      | Reached XP level 4. HP: 24/28 MP: 4/4
  1923 | D:3      | Found a glowing golden altar of the Shining One.
  2186 | D:3      | Found a radiant altar of Vehumet.
  2186 | D:3      | Noticed a charred statue
  2739 | D:4      | Found an opulent altar of Gozag.
  2756 | D:4      | Found a sparkling altar of Nemelex Xobeh.
  2787 | D:4      | Found a sand-covered staircase.
  2791 | Ossuary  | Entered an ossuary
  2974 | Ossuary  | Slain by an elf zombie

Illustrated notes

Levels and vault maps discovered:
D:1:      dpeg_arrival_rooms_b, layout_basic
D:2:      layout_basic
D:3:      layout_loops_ring, mainiacjoe_overflow_boulevard, vehumet_statue,
          nicolae_tso_carved_into_rock, kennysheep_flooded_box
D:4:      layout_loops_cross, grunt_gozag_statues,
          nemelex_xobeh_ov_fountains_minmay, enter_ossuary_5
Ossuary:  ossuary_tomb_1

Skill      XL: |  1  2 |
---------------+-------+-----
Evocations     | 1 |  1.6
Fighting       | |  1.8
Dodging        | |  2.7
Unarmed Combat | |  3.3
Shapeshifting  | |  3.8

Action                     |  1- 3 |  4- 6 || total
---------------------------+-------+-------++-------
  Melee: Unarmed           |    66 |    79 ||   145
         Tentacles         |    12 |    23 ||    35
         Constrict         |    10 |    32 ||    42
         Punch             |       |     3 ||     3
   Stab: Sleeping          |     6 |     5 ||    11
 Armour: Skin              |    23 |    32 ||    55
  Dodge: Dodged            |    37 |    37 ||    74

Table legend: (Time is in decaauts)
 A = Elapsed time spent in this place.
 B = Non-inter-level travel time spent in this place.
 C = Inter-level travel time spent in this place.
 D = Time resting spent in this place.
 E = Time spent auto-exploring this place.
 F = Levels seen in this place.
 G = Mean time per level.
                   A        B        C        D        E       F      G
               +--------+--------+--------+--------+--------+-----+--------+
         Total |   2964 |   2815 |    149 |      6 |   2274 |   5 |  592.8 |
       Dungeon |   2784 |   2635 |    149 |      0 |   2263 |   4 |  696.0 |
       Ossuary |    179 |    179 |      0 |      6 |     11 |   1 |  179.0 |
               +--------+--------+--------+--------+--------+-----+--------+

Top non-repeatable levels by time:
     D:3: 1001 daAuts
     D:1: 897 daAuts
     D:2: 825 daAuts
 Ossuary: 179 daAuts
     D:4: 59 daAuts
